 Dungeon Crawl Stone Soup version 0.31-a0-931-g7b59d4eb97 (webtiles) character file.

Game seed: 11568323627414880247

48 Pixllover the Digger (level 3, -4/19 HPs)
             Began as a Gargoyle Earth Elementalist on Oct 19, 2023.
             Slain by an ogre
             ... wielding a +0 giant spiked club
              (23 damage)
             ... on level 2 of the Dungeon.
             The game lasted 00:03:29 (1321 turns).

Pixllover the Digger (Gargoyle Earth Elementalist)  Turns: 1321, Time: 00:03:31

Health: -4/19      AC:  5    Str: 11    XL:     3   Next: 72%
Magic:  3/7        EV: 12    Int: 17    God:
Gold:   102        SH:  0    Dex: 10    Spells: 6/7 levels left

rFire   . . .        d - staff of earth
rCold   . . .        (no shield)
rNeg    + . .        a - +0 robe
rPois   ∞            (no helmet)
rElec   +            (no cloak)
rCorr   .            (no gloves)
SInv    .            (no boots)
Will    .....        (no amulet)
Stlth   ++           (no ring)
HPRegen 0.23/turn    (no ring)
MPRegen 0.10/turn

%: no passive effects
@: no status effects
A: sickness immunity, AC +3, negative energy resistance 1, electricity
resistance, torment resistance 1, petrification resistance
a: no special abilities


You were on level 2 of the Dungeon.
You visited 1 branch of the dungeon, and saw 2 of its levels.

You collected 102 gold pieces.

Inventory:

Missiles
 f - 6 poisoned darts (quivered)
 l - 3 darts of dispersal
Armour
 a - a +0 robe (worn)
Magical Staves
 d - a staff of earth (weapon)
Jewellery
 j - a ring of protection from fire
Scrolls
 e - a scroll of fog {unknown}
 g - a scroll of teleportation {unknown}
 i - a scroll of revelation {unknown}
 k - a scroll of identify {unknown}
Potions
 b - a potion of magic
 c - a potion of mutation {unknown}
 h - a potion of curing {unknown}


   Skills:
 + Level 0.3 Fighting
 + Level 0.3 Staves
 + Level 1.8 Dodging
 + Level 2.2 Stealth
 + Level 2.9 Spellcasting
 + Level 0.7 Transmutations
 + Level 4.3 Earth Magic


You had 6 spell levels left.
You knew the following spells:

 Your Spells              Type           Power      Damage    Failure   Level
a - Sandblast             Erth           50%        2d12      3%          1

Your spell library contained the following spells:

 Spells                   Type           Power      Damage    Failure   Level
 Passwall                 Tmut/Erth      13%        N/A       10%         2
 Stone Arrow              Conj/Erth      28%        3d8       22%         3
 Petrify                  Tmut/Erth      16%        N/A       52%         4
 Brom's Barrelling Bould  Conj/Erth      14%        2d4       58%         4


Dungeon Overview and Level Annotations

Branches:
Dungeon (2/15)

Altars:


Innate Abilities, Weirdness & Mutations

You are immune to sickness and miasma.
Your stone body is resilient. (AC +3)
You are immune to poison.
You resist negative energy. (rN+)
You are resistant to electric shocks. (rElec)
You are resistant to unholy torment.
You are immune to petrification.


Message History

A bat is nearby!
The bat hits you but does no damage.
A kobold comes into view. It is wielding a +0 short sword.
The bat barely misses you.
Casting: Sandblast (safe; 3% risk of failure)
Confirm with . or Enter, or press ? or * to list all spells.
Aiming: Sandblast (safe; 3% risk of failure)
Press: ? - help, Shift-Dir - straight line, f - bat
Aim: a bat (74% to hit)
You feel a surge of power!
The blast of sand hits the bat.
You kill the bat!
The kobold shouts!
The kobold throws a stone.
The stone barely misses you.
An ogre comes into view. It is wielding a +0 giant spiked club.
You see here a bat corpse.
Casting: Sandblast (safe; 3% risk of failure)
Confirm with . or Enter, or press ? or * to list all spells.
Aiming: Sandblast (safe; 3% risk of failure)
Press: ? - help, Shift-Dir - straight line, f - kobold
Aim: a kobold, wielding a +0 short sword and quivering stones (79% to hit)
You feel a surge of power!
The blast of sand hits the kobold!
You kill the kobold!
The ogre shouts!
Casting: Sandblast (safe; 3% risk of failure)
Confirm with . or Enter, or press ? or * to list all spells.
Aiming: Sandblast (safe; 3% risk of failure)
Press: ? - help, Shift-Dir - straight line, f - ogre
Aim: an ogre, wielding a +0 giant spiked club (92% to hit)
You feel a surge of power!
The blast of sand hits the ogre!
The ogre is heavily wounded.
Casting: Sandblast (safe; 3% risk of failure)
Confirm with . or Enter, or press ? or * to list all spells.
Aiming: Sandblast (safe; 3% risk of failure)
Press: ? - help, Shift-Dir - straight line, f/p - ogre
Aim: an ogre, wielding a +0 giant spiked club (moderately wounded, 92% to hit)
You feel a surge of power!
The blast of sand hits the ogre!
The ogre is severely wounded.
The ogre hits you with a +0 giant spiked club!!
Ouch! That really hurt!
You die...

##### ####### #...#
......######.#.###
#.....'..........#
.#....##.#.#.#.#.##.#.##
.#....+........†@O.)....
†#....##.#.#........#.##
.#....##.#.#.....#.##
.......#...#.....#...
.#####.#########.# ###
.# <. #..# .# ..... .#
..... #.##


You could see an ogre.

Vanquished Creatures
  An adder (D:2)
  A worm (D:2)
  4 endoplasms
  2 giant cockroaches
  4 goblins
  A hobgoblin (D:1)
  6 jackals (D:1)
  A quokka (D:1)
  5 ball pythons
  4 bats
  2 frilled lizards (D:1)
  A kobold (D:2)
  2 rats
34 creatures vanquished.

Notes
Turn   | Place    | Note
-------+----------+-------------------------------------------
     0 | D:1      | Pixllover the Gargoyle Earth Elementalist began the quest
                  | for the Orb.
     0 | D:1      | Reached XP level 1. HP: 10/10 MP: 3/3
    37 | D:1      | Found a faded altar of an unknown god.
   148 | D:1      | Reached XP level 2. HP: 12/15 MP: 0/5
   572 | D:1      | Reached skill level 4 in Earth Magic
   626 | D:1      | Reached XP level 3. HP: 19/19 MP: 4/7
  1317 | D:2      | Noticed an ogre
  1321 | D:2      | Slain by an ogre

Illustrated notes

Levels and vault maps discovered:
D:1:      nzn_arrival_water_spiral, layout_basic, serial_corexii_hall,
          corexii_hall_statues_i, corexii_hall_statues_s,
          corexii_hall_statues_l, corexii_hall_statues_u,
          shapermc_ecumenical_altar_venn, grunt_decor_resistance,
          minmay_misc_feat_room
D:2:      layout_basic, roderic_three_in_a_row

Skill      XL: |  1  2 |
---------------+-------+-----
Earth Magic    | 4 |  4.3
Fighting       | |  0.3
Staves         | |  0.3
Dodging        | |  1.8
Stealth        | |  2.2
Spellcasting   | |  2.9
Transmutations | |  0.7

Action                     || total
---------------------------++-------
  Melee: Staff             ||    11
   Cast: Sandblast         ||    47
    Use: Scroll            ||     2
   Stab: Sleeping          ||     1
 Armour: Robe              ||    50
  Dodge: Dodged            ||    48

Table legend: (Time is in decaauts)
 A = Elapsed time spent in this place.
 B = Non-inter-level travel time spent in this place.
 C = Inter-level travel time spent in this place.
 D = Time resting spent in this place.
 E = Time spent auto-exploring this place.
 F = Levels seen in this place.
 G = Mean time per level.
                   A        B        C        D        E       F      G
               +--------+--------+--------+--------+--------+-----+--------+
         Total |   1347 |   1331 |     16 |     45 |    920 |   2 |  673.5 |
       Dungeon |   1347 |   1331 |     16 |     45 |    920 |   2 |  673.5 |
               +--------+--------+--------+--------+--------+-----+--------+

Top non-repeatable levels by time:
     D:1: 1040 daAuts
     D:2: 306 daAuts
